 Dungeon Crawl Stone Soup version 0.30.0-15-g856e2d3f33 (webtiles) character file.

Game seed: 13709184891363531036

283 qw the Chopper (level 6, -8/38 HPs)
             Began as a Gargoyle Cinder Acolyte on May 18, 2023.
             Was a High Priest of Ignis.
             Mangled by an ogre
             ... wielding a +0 giant club
              (24 damage)
             ... on level 4 of the Dungeon.
             The game lasted 00:01:32 (2110 turns).

qw the Chopper (Gargoyle Cinder Acolyte)            Turns: 2110, Time: 00:01:33

Health: -8/38      AC: 22    Str: 19 (20) XL:     6   Next: 28%
Magic:  7/7        EV:  7    Int: 13 (14) God:    Ignis [*****.]
Gold:   132        SH:  0    Dex:  4 (5)  Spells: 7/7 levels left

rFire   + . .        Y - +1 hand axe (flame)
rCold   . . .        (no shield)
rNeg    + . .        e - +0 chain mail
rPois   inf          i - +0 helmet
rElec   +            a - +0 cloak
rCorr   .            (no gloves)
SInv    .            (no boots)
Will    .....        (no amulet) Stlth
                     (no ring)
HPRegen 0.26/turn    (no ring)
MPRegen 0.10/turn

%: no passive effects
@: fiery-armoured
A: sickness immunity, AC +4, negative energy resistance 1, electricity
resistance, torment resistance 1, petrification resistance
a: Renounce Religion, Fiery Armour, Foxfire Swarm, Rising Flame


You were on level 4 of the Dungeon.
You worshipped Ignis.
Ignis was extremely pleased with you.
You visited 1 branch of the dungeon, and saw 4 of its levels.

You collected 186 gold pieces.
You spent 54 gold pieces at shops.


Innate Abilities, Weirdness & Mutations

You are immune to sickness and miasma.
Your stone body is resilient. (AC +4)
You are immune to poison.
You resist negative energy. (rN+)
You are resistant to electric shocks. (rElec)
You are resistant to unholy torment.
You are immune to petrification.


   Skills:
 - Level 4.0 Fighting
 + Level 5.2 Axes
 - Level 3.0 Armour
 - Level 1.0 Spellcasting
 - Level 3.0 Fire Magic


You had 7 spell levels left.
You didn't know any spells.
Your spell library contained the following spells:

 Spells                   Type           Power      Damage    Failure   Level
 Scorch                   Fire           16%        2d5       71%         2

Inventory:

Hand Weapons
 Y - a +1 hand axe of flaming (weapon)
Missiles
 b - 3 boomerangs (quivered)
Armour
 a - a +0 cloak (worn)
 e - a +0 chain mail (worn)
 i - a +0 helmet (worn)
Scrolls
 h - a scroll of identify
Potions
 c - 2 potions of heal wounds

Dungeon Overview and Level Annotations

Branches:
Dungeon (4/15)
 Temple: D:4-7

Altars:

Shops:
D:2 [   D:4 [


Message History

You barely miss something.
You hear some strange, mumbled words.
A magic dart appears from out of thin air!
The magic dart hits you but does no damage.
Something hits you but does no damage.
You completely miss something. Something hits you but does no damage.
You hit something. You burn something.
Reactivating autopickup.
You feel a bit more experienced.
You start resting.
HP restored.
You see here a quokka corpse.
An ogre comes into view. It is wielding a +0 giant club.
Found an escape hatch in the floor.
The ogre shouts!
You throw a boomerang. The boomerang hits the ogre.
The ogre is lightly wounded.
You throw a boomerang.
The boomerang hits the ogre but does no damage.
The ogre is lightly wounded.
An adder comes into view.
2106 ||| Stepping ~*~*~tactically~*~*~ (stealth).
The ogre hits you with a +0 giant club!
You barely miss the ogre.
The ogre is lightly wounded.
The ogre barely misses you.
You barely miss the ogre.
The ogre is lightly wounded.
You slash the ogre! You burn the ogre.
The ogre is heavily wounded.
The ogre hits you with a +0 giant club!
2110 ||| INVOKING Fiery Armour.
A protective cloak of flame settles atop you.
The adder bites you but does no damage.
The adder is burned by your cloak of flames.
The adder is severely wounded.
The ogre hits you with a +0 giant club!!
Ouch! That really hurt!
You die...

####.#.## #.......#
#.......# ###
..###.......# ##..##
.....8....# ......###
..#.......#
......$####.#8.<)8..#
.#..#........#.......#
......S@..##.#8.\.8..#
###.##O#%###.#......##
#.###.##.#8.>.8## ..#
#.)...#....## #.#
#.##....#8## ... #.
##.##### ### .. #.#
..# #.# #.# #.#


You could see an ogre and an adder.

Vanquished Creatures
  An iguana (D:3)
  Natasha (thrice) (D:2)
  2 orc wizards
  5 adders
  2 worms
  A dart slug (D:2)
  6 orcs (D:3)
  7 ball pythons
  7 endoplasms
  2 giant cockroaches
  11 goblins
  7 hobgoblins
  3 jackals (D:1)
  3 quokkas
  7 bats
  4 frilled lizards
  5 kobolds
  4 rats
80 creatures vanquished.

Notes
Turn   | Place    | Note
-------+----------+-------------------------------------------
     0 | D:1      | qw the Gargoyle Cinder Acolyte began the quest for the Orb.
     0 | D:1      | Reached XP level 1. HP: 14/14 MP: 2/2
     0 | D:1      | 0 ||| qw: Version: 0.2-a-95-gc95f03d
     0 | D:1      | 0 ||| qw: Game counter: 16
     0 | D:1      | 0 ||| qw: Always use a shield: true
     0 | D:1      | 0 ||| qw: God list: Okawaru
     0 | D:1      | 0 ||| qw: Allow faded altars: false
     0 | D:1      | 0 ||| qw: Do Orc after D:15 true
     0 | D:1      | 0 ||| qw: Do second Lair branch before Depths: true
     0 | D:1      | 0 ||| qw: Lair rune preference: random
     0 | D:1      | 0 ||| qw: Plans: Normal
     0 | D:1      | 0 ||| PLANNING D:1-11
    50 | D:1      | Reached skill level 3 in Axes
    93 | D:1      | Reached XP level 2. HP: 16/19 MP: 3/3
   125 | D:1      | 125 ||| INVOKING Fiery Armour.
   129 | D:1      | HP: 3/19 [frilled lizard (3)]
   465 | D:1      | 465 ||| Stepping ~*~*~tactically~*~*~ (stealth).
   511 | D:1      | Reached XP level 3. HP: 23/23 MP: 4/4
   575 | D:1      | 575 ||| UPGRADING to +0 chain mail.
   585 | D:1      | 585 ||| DROPPING +0 robe.
   586 | D:1      | 586 ||| UPGRADING to +0 helmet.
   591 | D:1      | 591 ||| READING scroll labelled RALUL BAWONY.
   592 | D:1      | 592 ||| READING scroll labelled KOMECELIDO.
   593 | D:1      | 593 ||| READING scroll labelled IHY CEXZAMES.
   594 | D:1      | 594 ||| READING scroll labelled BENUXI SIVO.
   595 | D:1      | 595 ||| READING 2 scrolls labelled YKHLIDWU OPAAQI.
   612 | D:2      | Found Osmuaxenk's Armour Emporium.
   624 | D:2      | 624 ||| BUYING +0 cloak (54 gold).
   624 | D:2      | Bought a +0 cloak for 54 gold pieces
   624 | D:2      | 624 ||| SHOPLISTING +5 plate armour "Juex" {+Inv} (744
                  | gold, have 14).
   747 | D:2      | 747 ||| Stepping ~*~*~tactically~*~*~ (stealth).
   751 | D:2      | 751 ||| Stepping ~*~*~tactically~*~*~ (stealth).
   756 | D:2      | Reached skill level 1 in Armour
   772 | D:2      | 772 ||| Stepping ~*~*~tactically~*~*~ (hiding).
   890 | D:2      | Reached skill level 4 in Axes
   898 | D:2      | 898 ||| Stepping ~*~*~tactically~*~*~ (hiding).
   898 | D:2      | Noticed Natasha
   908 | D:2      | 908 ||| INVOKING Fiery Armour.
   908 | D:2      | Killed Natasha
   909 | D:2      | Reached XP level 4. HP: 13/28 MP: 5/5
   954 | D:2      | Noticed Natasha
   960 | D:2      | Killed Natasha
   990 | D:2      | Noticed Natasha
   996 | D:2      | 996 ||| Stepping ~*~*~tactically~*~*~ (hiding).
  1000 | D:2      | 1000 ||| Stepping ~*~*~tactically~*~*~ (hiding).
  1007 | D:2      | Killed Natasha
  1008 | D:2      | Reached XP level 5. HP: 26/32 MP: 6/6
  1095 | D:2      | 1095 ||| UPGRADING to +0 cloak.
  1100 | D:2      | 1100 ||| READING scroll labelled XIAPUH FEAMO.
  1101 | D:2      | 1101 ||| DRINKING 2 amethyst potions.
  1102 | D:2      | 1102 ||| READING 3 scrolls of identify.
  1102 | D:2      | 1102 ||| IDENTIFYING fuming red potion
  1103 | D:2      | 1103 ||| READING 2 scrolls of identify.
  1103 | D:2      | 1103 ||| IDENTIFYING brown potion
  1104 | D:2      | 1104 ||| DROPPING potion of degeneration.
  1108 | D:2      | 1108 ||| Stepping ~*~*~tactically~*~*~ (stealth).
  1128 | D:3      | 1128 ||| Stepping ~*~*~tactically~*~*~ (stealth).
  1136 | D:3      | 1136 ||| Stepping ~*~*~tactically~*~*~ (stealth).
  1190 | D:3      | 1190 ||| Stepping ~*~*~tactically~*~*~ (stealth).
  1535 | D:3      | 1535 ||| Stepping ~*~*~tactically~*~*~ (stealth).
  1537 | D:3      | 1537 ||| Stepping ~*~*~tactically~*~*~ (stealth).
  1600 | D:3      | Reached skill level 5 in Axes
  1622 | D:3      | 1622 ||| Stepping ~*~*~tactically~*~*~ (hiding).
  1623 | D:3      | 1623 ||| Stepping ~*~*~tactically~*~*~ (hiding).
  1625 | D:3      | 1625 ||| Stepping ~*~*~tactically~*~*~ (hiding).
  1652 | D:3      | 1652 ||| Stepping ~*~*~tactically~*~*~ (hiding).
  1659 | D:3      | 1659 ||| DRINKING potion of curing.
  1659 | D:3      | 1659 ||| (to cure confusion)
  1682 | D:3      | 1682 ||| Stepping ~*~*~tactically~*~*~ (stealth).
  1684 | D:3      | 1684 ||| Stepping ~*~*~tactically~*~*~ (hiding).
  1697 | D:3      | Reached skill level 3 in Armour
  1697 | D:3      | Reached XP level 6. HP: 33/38 MP: 7/7
  1759 | D:3      | 1759 ||| Stepping ~*~*~tactically~*~*~ (hiding).
  1760 | D:3      | 1760 ||| Stepping ~*~*~tactically~*~*~ (hiding).
  1988 | D:3      | 1988 ||| READING scroll of enchant weapon.
  1988 | D:3      | 1988 ||| ENCHANTING +0 hand axe of flaming.
  1990 | D:3      | 1990 ||| READING 2 scrolls of identify.
  1990 | D:3      | 1990 ||| IDENTIFYING fizzy dark potion
  1991 | D:3      | 1991 ||| DROPPING potion of flight.
  2015 | D:4      | Found Qydiujaw's Armour Emporium.
  2026 | D:4      | 2026 ||| SHOPLISTING +5 ring mail of Ethics {Rampage Dex+3}
                  | (592 gold, have 119).
  2106 | D:4      | 2106 ||| Stepping ~*~*~tactically~*~*~ (stealth).
  2110 | D:4      | 2110 ||| INVOKING Fiery Armour.
  2110 | D:4      | Mangled by an ogre

Levels and vault maps discovered:
D:1:      ncdulo_halloftheorcs, layout_rooms, skrybe_limestone_x
D:2:      layout_basic, serial_shops, nicolae_shop_window_shopping, uniq_natasha
D:3:      layout_basic
D:4:      layout_loops_ring, nicolae_tso_carved_into_rock, marbit_many_paths,
          overflow_temple_1_default, gammafunk_temple_overflow_wave,
          nicolae_wu_jian_wuxing_cycle, nicolae_stop_n_shop_2,
          minmay_misc_feat_x

Skill      XL: |  1  2  3  4  5 |
---------------+----------------+-----
Axes           | 3 4 5 |  5.2
Armour         | 2 3 |  3.0
Fighting       | 4 |  4.0
Spellcasting   | |  1.0
Fire Magic     | |  3.0

Action                     |  1- 3 |  4- 6 || total
---------------------------+-------+-------++-------
  Melee: Hand axe          |    86 |   157 ||   243
         Punch             |     1 |       ||     1
  Throw: Boomerang         |       |     4 ||     4
 Invoke: Fiery Armour      |     2 |     1 ||     3
    Use: Scroll            |     5 |     5 ||    10
         Potion            |       |     2 ||     2
 Armour: Robe              |    20 |       ||    20
         Chain mail        |    28 |    82 ||   110
  Dodge: Dodged            |    51 |    64 ||   115

Table legend:
 A = Non-vault XP
 B = Vault XP
 C = Vault XP percentage of total XP
 D = Non-vault monster count
 E = Vault monster count
 F = Vault count percentage of total count
                 A         B        C        D         E       F
            +---------+---------+-------+---------+---------+-------
      Total |     335 |      70 |  17.3 |      78 |       2 |   2.5
            +---------+---------+-------+---------+---------+-------
        D:1 |      37 |       0 |   0.0 |      21 |       0 |   0.0
        D:2 |     119 |      35 |  22.7 |      21 |       1 |   4.5
        D:3 |     160 |       0 |   0.0 |      32 |       0 |   0.0
        D:4 |      19 |      35 |  64.8 |       4 |       1 |  20.0
            +---------+---------+-------+---------+---------+-------
